 Seeded DCSS version 0.27-a0-1158-gaa87e14f67 (webtiles) character file.

Game seed: 20210515 (custom seed)

329 Snicker the Sneak (level 6, 0/46 HPs)
             Began as a Demonspawn Brigand on May 15, 2021.
             Slain by a gnoll
             ... wielding a +0 spear
              (5 damage)
             ... on level 3 of the Dungeon.
             The game lasted 00:08:02 (3504 turns).

Snicker the Sneak (Demonspawn Brigand)              Turns: 3504, Time: 00:08:04

Health: 0/46       AC:  3    Str: 12    XL:     6   Next: 25%
Magic:  6/6        EV: 12    Int: 12    God:
Gold:   122        SH:  0    Dex: 16    Spells: 2/5 levels left

rFire    . . .     SeeInvis +   a - +2 dagger
rCold    . . .     Faith    .   (no shield)
rNeg     . . .     Spirit   .   b - +0 robe
rPois    .         Reflect  .   (no helmet)
rElec    .         Harm     .   c - +0 cloak
rCorr    .         Rampage  .   (no gloves)
Will     .....                  (no boots)
Stlth    +++.......             (no amulet)
HPRegen  0.15/turn              f - ring of see invisible
MPRegen  0.10/turn              (no ring)

@: no status effects
A: claws 2
a: no special abilities


You were on level 3 of the Dungeon.
You visited 1 branch of the dungeon, and saw 3 of its levels.

You collected 122 gold pieces.

Inventory:

Hand Weapons
 a - a +2 dagger (weapon)
Missiles
 d - 16 poisoned darts (quivered)
Armour
 b - a +0 robe (worn)
 c - a +0 cloak (worn)
Jewellery
 f - a ring of see invisible (left claw)
Scrolls
 i - a scroll of vulnerability {unknown}
 k - a scroll of teleportation {unknown}
 l - a scroll of blinking {unknown}
 m - a scroll of summoning {unknown}
 n - 2 scrolls of identify {unknown}
 p - a scroll of brand weapon {unknown}
 q - a scroll of amnesia {unknown}
Potions
 g - a potion of berserk rage {unknown}
 h - 2 potions of experience {unknown}
 j - a potion of mutation {unknown}
 o - a potion of degeneration {unknown}
 r - a potion of heal wounds {unknown}


   Skills:
 + Level 2.4 Fighting
 * Level 3.4 Short Blades
 + Level 2.0 Throwing
 + Level 1.6 Dodging
 * Level 5.9 Stealth
 * Level 1.0 Hexes


You had 2 spell levels left.
You knew the following spells:

 Your Spells              Type           Power      Damage    Failure   Level
a - Confusing Touch       Hex            2%         N/A       54%         3

Your spell library contained the following spells:

 Spells                   Type           Power      Damage    Failure   Level
 Gell's Gravitas          Tloc           0%         N/A       69%         3
 Petrify                  Tmut/Erth      0%         N/A       97%         4
 Metabolic Englaciation   Hex/Ice        0%         N/A       100%        5
 Yara's Violent Unravell  Hex/Tmut       0%         3d3       100%        5


Dungeon Overview and Level Annotations

Branches:
Dungeon (3/15)

Altars:
Kikubaaqudgha

Shops:
D:1 =


Innate Abilities, Weirdness & Mutations

You have very sharp fingernails.


Message History

Press: ? - help, Q - select action Shift-Dir - straight line, f - gnoll
Aim: a gnoll, wielding a +0 spear (65% to hit)
You throw a poisoned dart. The poisoned dart hits the gnoll.
The gnoll is poisoned.
Unknown command.
Throw: 19 darts (poison)
Press: ? - help, Q - select action Shift-Dir - straight line, f/p - gnoll
Aim: a gnoll, wielding a +0 spear (poisoned, 65% to hit)
You throw a poisoned dart.
The poisoned dart closely misses the gnoll.
Unknown command.
Unknown command.
The gnoll hits you with a +0 spear.
The gnoll hits you from afar with a +0 spear.
* * * LOW HITPOINT WARNING * * *
You hit the gnoll.
The gnoll is moderately wounded.
The gnoll hits you with a +0 spear.
* * * LOW HITPOINT WARNING * * *
The gnoll barely misses you.
You hit the gnoll.
The gnoll is severely wounded.
The gnoll misses you.
The gnoll hits you from afar with a +0 spear.
* * * LOW HITPOINT WARNING * * *
Unknown command.
The gnoll hits you but does no damage.
You feel a bit more experienced.
Throw: 18 darts (poison)
Press: ? - help, Q - select action Shift-Dir - straight line, f - gnoll
Aim: a gnoll, wielding a +0 spear (65% to hit)
You throw a poisoned dart. The poisoned dart hits the gnoll.
The gnoll is poisoned.
Throw: 17 darts (poison)
Press: ? - help, Q - select action Shift-Dir - straight line, f/p - gnoll
Aim: a gnoll, wielding a +0 spear (lightly wounded, poisoned, 65% to hit)
You throw a poisoned dart.
The poisoned dart barely misses the gnoll.
The gnoll hits you from afar with a +0 spear.
You die...

...#.#######.....####.#####.#####
.###.# #.....# #...:<#.## # . ...
#.....#####.......#### ##.##
#####...g().......#... #.#
#.#####..)....#... #.# #(#
#.......#... ..# #g# #.......#...
#.# ############ #####@### #
#.......# # #.......# # #.......#
# #.......# # ##.......# #
#........# # ####.....# #######


You could see a gnoll (poisoned).

Vanquished Creatures
  2 scorpions
  Jessica (D:2)
  Natasha (twice) (D:2)
  Robin (D:2)
  3 gnolls (D:3)
  2 adders (D:2)
  A worm (D:2)
  A dart slug (D:1)
  3 orcs (D:3)
  6 endoplasms
  A giant cockroach (D:1)
  10 goblins
  3 hobgoblins
  11 jackals
  6 kobolds
  3 quokkas
  5 ball pythons
  7 bats
  3 frilled lizards (D:1)
  2 rats (D:1)
73 creatures vanquished.

Notes
Turn   | Place    | Note
-------+----------+-------------------------------------------
     0 | D:1      | Snicker the Demonspawn Brigand began the quest for the Orb.
     0 | D:1      | Reached XP level 1. HP: 16/16 MP: 1/1
   139 | D:1      | Gained mutation: You have sharp fingernails. [demonic
                  | ancestry]
   139 | D:1      | Reached XP level 2. HP: 12/22 MP: 2/2
   596 | D:1      | Reached skill level 4 in Stealth
   702 | D:1      | Found Ovvetoin's Jewellery Shop.
  1037 | D:1      | Gained mutation: You have very sharp fingernails. [demonic
                  | ancestry]
  1037 | D:1      | Reached XP level 3. HP: 24/27 MP: 3/3
  1176 | D:2      | Found an ancient bone altar of Kikubaaqudgha.
  1254 | D:2      | Noticed Jessica
  1258 | D:2      | Killed Jessica
  1259 | D:2      | Reached skill level 1 in Dodging
  1283 | D:2      | Reached XP level 4. HP: 33/33 MP: 4/4
  1322 | D:2      | Found a faded altar of an unknown god.
  1423 | D:2      | Noticed a scorpion
  1442 | D:2      | Killed a scorpion
  1443 | D:2      | Reached skill level 5 in Stealth
  1507 | D:2      | Reached XP level 5. HP: 6/38 MP: 5/5
  1690 | D:2      | Learned a level 3 spell: Confusing Touch
  2057 | D:2      | Noticed Robin
  2095 | D:2      | Killed Robin
  2600 | D:2      | Noticed Natasha
  2606 | D:2      | Killed Natasha
  2718 | D:2      | Noticed Natasha
  2722 | D:2      | Killed Natasha
  3097 | D:3      | Reached XP level 6. HP: 33/45 MP: 6/6
  3491 | D:3      | Reached skill level 1 in Hexes
  3504 | D:3      | Slain by a gnoll

Illustrated notes

Levels and vault maps discovered:
D:1:      saegor_arrival_simple_c, layout_loops_ring, serial_shops,
          nicolae_shop_trees
D:2:      layout_loops_ring, ebering_ecumenical_altar_petrified, basic_altar,
          grunt_decor_mini_mirrors, uniq_jessica, uniq_natasha, uniq_robin
D:3:      layout_basic, minmay_snake_closets

Skill      XL: |  1  2  3  4  5  6 |
---------------+-------------------+-----
Short Blades   | 2 3 |  3.4
Stealth        | 4 5 |  5.9
Dodging        | 1 |  1.6
Throwing       | 2 |  2.0
Hexes          | 1 |  1.0
Fighting       | |  2.4

Action                   |  1- 3 |  4- 6 || total
-------------------------+-------+-------++-------
Melee: Dagger            |    74 |   133 ||   207
Throw: Dart              |       |    17 ||    17
 Stab: Sleeping          |    10 |     7 ||    17
Armor: Robe              |    20 |    23 ||    43
Dodge: Dodged            |    31 |    97 ||   128

Table legend: (Time is in decaauts)
 A = Elapsed time spent in this place.
 B = Non-inter-level travel time spent in this place.
 C = Inter-level travel time spent in this place.
 D = Time resting spent in this place.
 E = Time spent auto-exploring this place.
 F = Levels seen in this place.
 G = Mean time per level.
                   A        B        C        D        E       F      G
               +--------+--------+--------+--------+--------+-----+--------+
         Total |   3481 |   3437 |     44 |   1090 |   1712 |   3 | 1160.3 |
       Dungeon |   3481 |   3437 |     44 |   1090 |   1712 |   3 | 1160.3 |
               +--------+--------+--------+--------+--------+-----+--------+

Top non-repeatable levels by time:
     D:2: 1606 daAuts
     D:1: 1169 daAuts
     D:3: 705 daAuts
